[ AOE2 MATCH · #490971838 ]
UnrankedVikings vs Malians
[ REPLAY ANALYSIS · EXTRACTED FROM THE RECORDED GAME ]
Feudal
9:52
Castle
21:43
Imperial
35:56
| APM avg | 33.1 |
| APM peak | 69 |
| eAPM avg | 14.6 |
| Villagers / military | 101 / 462 |
Focus
⚔️ 44.2% · 🌾 55.8%
Berserk ×186 · Archer ×164 · Spearman ×105 · Trade Cart ×38 · Trebuchet (Packed) ×7
Feudal
12:43
Castle
16:40
Imperial
39:03
| APM avg | 17.4 |
| APM peak | 41 |
| eAPM avg | 11.8 |
| Villagers / military | 141 / 413 |
Focus
⚔️ 36.2% · 🌾 63.8%
Militia ×180 · Spearman ×120 · Skirmisher ×54 · Hand Cannoneer ×30 · Gbeto ×20 · Trade Cart ×20
Feudal
9:46
Castle
15:23
Imperial
40:17
| APM avg | 52.6 |
| APM peak | 97 |
| eAPM avg | 33.2 |
| Villagers / military | 136 / 614 |
Focus
⚔️ 46.0% · 🌾 54.0%
Skirmisher ×262 · Scout Cavalry ×237 · Conquistador ×92 · Trade Cart ×24 · Trebuchet (Packed) ×11 · Missionary ×5
Feudal
9:18
Castle
21:24
Imperial
36:35
| APM avg | 36.6 |
| APM peak | 75 |
| eAPM avg | 25.0 |
| Villagers / military | 187 / 768 |
Focus
⚔️ 42.7% · 🌾 57.3%
Spearman ×512 · Skirmisher ×133 · Knight ×52 · Scout Cavalry ×36 · Trade Cart ×29 · Bombard Cannon ×12
Feudal
10:43
Castle
16:02
Imperial
36:29
| APM avg | 30.4 |
| APM peak | 91 |
| eAPM avg | 13.0 |
| Villagers / military | 124 / 271 |
Focus
⚔️ 28.3% · 🌾 71.7%
Knight ×249 · Camel Scout ×19 · Trade Cart ×18 · Scout Cavalry ×2 · Monk ×1
Feudal
8:51
Castle
19:37
Imperial
31:54
| APM avg | 73.5 |
| APM peak | 117 |
| eAPM avg | 37.8 |
| Villagers / military | 173 / 578 |
Focus
⚔️ 44.3% · 🌾 55.7%
Knight ×365 · Scout Cavalry ×98 · Spearman ×73 · Trade Cart ×70 · Battering Ram ×17 · Trebuchet (Packed) ×13
Match map
Initial resources + every placement click. Lines = walls · curves = elevation contours. ◆ gold · ⬟ stone · ● berries · ✦ relic · ◌ wall gap
Your base· ✓ Closed at 21:43 · 0t walls · 3 gate(s)
PJtheDcoy's base· ✓ Closed at 16:40 · 0t walls · 4 gate(s)
Chauchh's base· ✓ Closed at 15:23 · 2t walls · 3 gate(s)
Quando's base· ✓ Closed at 21:24 · 0t walls · 2 gate(s)
Fr4ggi's base· ✓ Closed at 16:02 · 0t walls · 3 gate(s)
Mr_Yo Yi's base· ✓ Closed at 19:37 · 0t walls · 3 gate(s)
Smoothed initial terrain · ◌ = detected wall gap · hover for details
Inputs per minute
— #El Nufy (GG) - - PJtheDcoy
Build order — #El Nufy (GG)
First 150 of 566 actions detected
| 0:03 | Queue | Villager (Male) |
| 0:03 | Queue | Villager (Male) |
| 0:03 | Queue | Villager (Male) |
| 0:03 | Queue | Villager (Male) |
| 0:04 | Queue | Villager (Male) |
| 0:06 | Build | House |
| 0:07 | Build | House |
| 1:27 | Queue | Villager (Male) |
| 2:10 | Queue | Villager (Male) |
| 2:28 | Queue | Villager (Male) |
| 2:29 | Queue | Villager (Male) |
| 2:59 | Queue | Villager (Male) |
| 3:29 | Queue | Villager (Male) |
| 3:29 | Queue | Villager (Male) |
| 4:04 | Queue | Villager (Male) |
| 4:05 | Queue | Villager (Male) |
| 4:35 | Build | House |
| 4:45 | Queue | Villager (Male) |
| 4:45 | Queue | Villager (Male) |
| 5:30 | Queue | Villager (Male) |
| 5:31 | Queue | Villager (Male) |
| 5:47 | Build | Lumber Camp |
| 5:57 | Build | Lumber Camp |
| 6:11 | Build | Mill |
| 6:23 | Queue | Villager (Male) |
| 6:28 | Build | House |
| 7:13 | Queue | Villager (Male) |
| 7:14 | Queue | Villager (Male) |
| 7:42 | Research | Feudal Age |
| 7:43 | Research | Feudal Age |
| 8:20 | Build | Mining Camp |
| 8:53 | Build | Barracks |
| 9:21 | Queue | Villager (Male) |
| 9:22 | Queue | Villager (Male) |
| 9:41 | Queue | Villager (Male) |
| 9:52 | Age | Feudal Age |
| 9:58 | Build | Archery Range |
| 11:13 | Build | Archery Range |
| 11:14 | Queue | Archer |
| 11:15 | Queue | Archer |
| 11:15 | Queue | Archer |
| 11:19 | Queue | Villager (Male) |
| 11:19 | Queue | Villager (Male) |
| 11:20 | Queue | Villager (Male) |
| 11:28 | Build | House |
| 12:07 | Queue | Archer |
| 12:08 | Queue | Archer |
| 12:14 | Build | Blacksmith |
| 12:16 | Queue | Villager (Male) |
| 12:17 | Queue | Villager (Male) |
| 12:44 | Build | House |
| 12:47 | Build | House |
| 13:11 | Queue | Archer |
| 13:11 | Queue | Archer |
| 13:11 | Queue | Archer |
| 13:45 | Build | Market |
| 13:50 | Queue | Villager (Male) |
| 13:50 | Queue | Villager (Male) |
| 14:34 | Queue | Villager (Male) |
| 14:35 | Queue | Villager (Male) |
| 14:40 | Build | House |
| 14:46 | Build | Farm |
| 15:16 | Build | Farm |
| 15:18 | Queue | Villager (Male) |
| 15:29 | Build | Farm |
| 15:31 | Build | Farm |
| 15:32 | Build | Farm |
| 15:33 | Build | Farm |
| 15:36 | Build | Farm |
| 15:59 | Queue | Villager (Male) |
| 15:59 | Queue | Villager (Male) |
| 16:02 | Build | Farm |
| 16:30 | Build | Farm |
| 16:40 | Research | Horse Collar |
| 17:02 | Build | House |
| 17:04 | Build | House |
| 17:23 | Build | Farm |
| 17:24 | Build | Farm |
| 17:27 | Build | Farm |
| 18:11 | Queue | Archer |
| 18:11 | Queue | Archer |
| 18:12 | Queue | Archer |
| 18:12 | Queue | Archer |
| 18:12 | Queue | Archer |
| 18:17 | Build | House |
| 18:18 | Build | House |
| 18:19 | Build | House |
| 18:22 | Build | House |
| 19:03 | Research | Castle Age |
| 20:02 | Queue | Archer |
| 20:02 | Queue | Archer |
| 20:03 | Queue | Archer |
| 20:07 | Research | Fletching |
| 20:52 | Queue | Archer |
| 20:53 | Queue | Archer |
| 20:54 | Queue | Archer |
| 20:57 | Queue | Archer |
| 21:32 | Queue | Archer |
| 21:33 | Queue | Archer |
| 21:35 | Queue | Archer |
| 21:40 | Research | Double-Bit Axe |
| 21:43 | Age | Castle Age |
| 21:47 | Build | Town Center |
| 21:59 | Research | Crossbowman (upgrade) |
| 22:02 | Queue | Archer |
| 22:02 | Queue | Archer |
| 22:04 | Queue | Archer |
| 22:21 | Queue | Villager (Male) |
| 22:21 | Queue | Villager (Male) |
| 22:21 | Queue | Villager (Male) |
| 22:21 | Queue | Villager (Male) |
| 22:21 | Queue | Villager (Male) |
| 22:22 | Queue | Villager (Male) |
| 22:26 | Research | Heavy Plow |
| 22:34 | Research | Gold Mining |
| 22:57 | Queue | Villager (Male) |
| 22:57 | Queue | Villager (Male) |
| 22:57 | Queue | Villager (Male) |
| 22:58 | Queue | Villager (Male) |
| 23:07 | Research | Bodkin Arrow |
| 23:10 | Build | Farm |
| 23:17 | Build | Farm |
| 23:48 | Build | Siege Workshop |
| 23:56 | Queue | Villager (Male) |
| 23:57 | Queue | Villager (Male) |
| 23:58 | Queue | Villager (Male) |
| 23:58 | Queue | Villager (Male) |
| 23:58 | Queue | Villager (Male) |
| 24:00 | Queue | Archer |
| 24:00 | Queue | Archer |
| 24:00 | Queue | Archer |
| 24:00 | Queue | Archer |
| 24:01 | Queue | Archer |
| 24:01 | Queue | Archer |
| 24:43 | Build | Town Center |
| 24:46 | Queue | Villager (Male) |
| 24:46 | Queue | Villager (Male) |
| 24:48 | Queue | Villager (Male) |
| 24:49 | Queue | Villager (Male) |
| 24:52 | Research | Bow Saw |
| 25:09 | Build | Mining Camp |
| 25:40 | Build | House |
| 25:41 | Build | House |
| 25:43 | Build | House |
| 25:44 | Build | House |
| 25:45 | Build | House |
| 25:48 | Queue | Villager (Male) |
| 25:49 | Queue | Villager (Male) |
| 25:49 | Queue | Villager (Male) |
| 25:49 | Queue | Villager (Male) |
Build order — PJtheDcoy
First 150 of 440 actions detected
| 0:00 | Queue | Villager (Male) |
| 0:01 | Queue | Villager (Male) |
| 0:01 | Queue | Villager (Male) |
| 0:01 | Queue | Villager (Male) |
| 0:02 | Build | House |
| 0:04 | Build | House |
| 1:32 | Queue | Villager (Male) |
| 1:45 | Build | Lumber Camp |
| 2:05 | Queue | Villager (Male) |
| 2:38 | Queue | Villager (Male) |
| 2:56 | Queue | Villager (Male) |
| 3:20 | Queue | Villager (Male) |
| 3:38 | Build | House |
| 3:46 | Queue | Villager (Male) |
| 3:59 | Queue | Villager (Male) |
| 4:41 | Queue | Villager (Male) |
| 4:44 | Queue | Villager (Male) |
| 5:41 | Build | Mill |
| 5:44 | Queue | Villager (Male) |
| 5:45 | Queue | Villager (Male) |
| 5:45 | Queue | Villager (Male) |
| 5:45 | Queue | Villager (Male) |
| 5:53 | Build | House |
| 7:02 | Build | Mill |
| 7:21 | Build | Mining Camp |
| 7:26 | Build | Mining Camp |
| 7:38 | Queue | Villager (Male) |
| 7:38 | Queue | Villager (Male) |
| 7:39 | Queue | Villager (Male) |
| 8:14 | Build | House |
| 8:28 | Queue | Villager (Male) |
| 8:28 | Queue | Villager (Male) |
| 9:35 | Queue | Villager (Male) |
| 9:46 | Research | Feudal Age |
| 9:49 | Research | Loom |
| 9:50 | Research | Feudal Age |
| 10:30 | Build | House |
| 10:31 | Build | House |
| 10:37 | Build | Palisade Gate |
| 11:12 | Queue | Villager (Male) |
| 11:12 | Queue | Villager (Male) |
| 12:21 | Build | House |
| 12:32 | Build | Farm |
| 12:32 | Build | Farm |
| 12:33 | Build | Farm |
| 12:34 | Build | Farm |
| 12:43 | Age | Feudal Age |
| 12:50 | Build | Market |
| 12:58 | Build | Market |
| 13:04 | Build | Blacksmith |
| 13:12 | Queue | Villager (Male) |
| 14:00 | Research | Castle Age |
| 14:24 | Build | Barracks |
| 14:59 | Build | Archery Range |
| 15:01 | Research | Fletching |
| 15:01 | Research | Padded Archer Armor |
| 15:15 | Queue | Spearman |
| 15:34 | Queue | Skirmisher |
| 15:38 | Queue | Skirmisher |
| 15:57 | Build | Watch Tower |
| 16:14 | Queue | Skirmisher |
| 16:16 | Queue | Villager (Male) |
| 16:35 | Queue | Skirmisher |
| 16:40 | Age | Castle Age |
| 17:13 | Queue | Villager (Male) |
| 17:19 | Build | Farm |
| 17:20 | Build | Farm |
| 17:23 | Build | Farm |
| 17:34 | Build | Farm |
| 17:35 | Build | Farm |
| 17:36 | Build | Farm |
| 18:22 | Build | House |
| 18:23 | Build | House |
| 18:32 | Build | Castle |
| 18:45 | Queue | Villager (Male) |
| 18:45 | Queue | Villager (Male) |
| 18:56 | Build | Town Center |
| 19:02 | Research | Squires |
| 19:13 | Build | Farm |
| 19:22 | Build | House |
| 19:30 | Queue | Villager (Male) |
| 19:31 | Queue | Villager (Male) |
| 19:38 | Build | Farm |
| 20:08 | Queue | Villager (Male) |
| 20:13 | Build | Farm |
| 20:15 | Research | Double-Bit Axe |
| 20:22 | Build | Palisade Wall |
| 20:41 | Queue | Villager (Male) |
| 20:47 | Build | Farm |
| 20:48 | Build | Farm |
| 21:10 | Queue | Villager (Male) |
| 21:10 | Queue | Villager (Male) |
| 21:14 | Queue | Villager (Male) |
| 21:16 | Build | Farm |
| 21:19 | Build | Farm |
| 21:22 | Queue | Gbeto |
| 21:30 | Queue | Villager (Male) |
| 21:34 | Queue | Gbeto |
| 22:02 | Queue | Villager (Male) |
| 22:02 | Queue | Villager (Male) |
| 22:06 | Build | House |
| 22:06 | Build | House |
| 22:16 | Build | Farm |
| 22:22 | Queue | Villager (Male) |
| 22:22 | Queue | Villager (Male) |
| 22:32 | Queue | Gbeto |
| 22:37 | Build | Farm |
| 22:42 | Queue | Gbeto |
| 22:58 | Research | Scale Mail Armor |
| 23:03 | Build | Farm |
| 23:05 | Build | Farm |
| 23:06 | Build | Farm |
| 23:12 | Build | House |
| 23:12 | Build | House |
| 23:15 | Build | House |
| 23:40 | Research | Elite Skirmisher (upgrade) |
| 23:45 | Queue | Villager (Male) |
| 23:45 | Queue | Villager (Male) |
| 23:45 | Queue | Villager (Male) |
| 23:46 | Queue | Villager (Male) |
| 23:50 | Research | Wheelbarrow |
| 24:36 | Research | Horse Collar |
| 24:50 | Build | Town Center |
| 24:53 | Queue | Villager (Male) ×5 |
| 25:07 | Build | Archery Range |
| 25:15 | Queue | Gbeto |
| 25:16 | Queue | Gbeto |
| 25:19 | Research | Forging |
| 25:21 | Queue | Villager (Male) |
| 25:29 | Build | Farm |
| 25:43 | Build | Stone Wall |
| 26:24 | Queue | Skirmisher |
| 26:24 | Queue | Skirmisher |
| 26:24 | Queue | Skirmisher |
| 26:25 | Queue | Skirmisher |
| 26:38 | Build | Barracks |
| 26:54 | Build | Stone Wall |
| 26:59 | Build | Stone Wall |
| 27:19 | Queue | Skirmisher |
| 27:19 | Queue | Skirmisher |
| 27:19 | Queue | Skirmisher |
| 27:19 | Queue | Skirmisher |
| 27:21 | Queue | Gbeto |
| 27:22 | Queue | Gbeto |
| 27:22 | Queue | Gbeto |
| 27:22 | Queue | Gbeto |
| 27:29 | Build | Farm |
| 27:37 | Research | Bodkin Arrow |
| 27:57 | Research | Pikeman (upgrade) |
| 27:59 | Queue | Spearman ×5 |
Build order — Chauchh
First 150 of 1083 actions detected
| 0:00 | Queue | Villager (Male) |
| 0:01 | Queue | Villager (Male) |
| 0:02 | Build | House |
| 0:03 | Queue | Villager (Male) |
| 0:04 | Build | House |
| 0:50 | Queue | Villager (Male) |
| 1:41 | Queue | Villager (Male) |
| 1:55 | Build | Lumber Camp |
| 2:01 | Queue | Villager (Male) |
| 2:27 | Queue | Villager (Male) |
| 3:01 | Queue | Villager (Male) |
| 3:01 | Queue | Villager (Male) |
| 3:01 | Queue | Villager (Male) |
| 3:25 | Queue | Villager (Male) |
| 3:53 | Queue | Villager (Male) |
| 3:57 | Build | House |
| 3:57 | Build | House |
| 4:23 | Build | Mill |
| 4:39 | Queue | Villager (Male) |
| 4:57 | Queue | Villager (Male) |
| 5:25 | Queue | Villager (Male) |
| 5:46 | Queue | Villager (Male) |
| 6:08 | Queue | Villager (Male) |
| 6:22 | Queue | Villager (Male) |
| 6:43 | Research | Loom |
| 7:34 | Research | Feudal Age |
| 7:55 | Build | Mining Camp |
| 9:29 | Queue | Villager (Male) |
| 9:29 | Queue | Villager (Male) |
| 9:32 | Queue | Villager (Male) |
| 9:46 | Age | Feudal Age |
| 10:04 | Build | Stone Wall |
| 10:06 | Build | Market |
| 10:12 | Build | Blacksmith |
| 10:17 | Build | House |
| 10:29 | Build | House |
| 10:38 | Build | House |
| 10:39 | Build | House |
| 10:41 | Build | House |
| 10:43 | Build | Stone Wall |
| 10:57 | Queue | Villager (Male) |
| 11:20 | Queue | Villager (Male) |
| 11:33 | Build | Mining Camp |
| 11:53 | Queue | Villager (Male) |
| 12:09 | Build | Farm |
| 12:15 | Queue | Villager (Male) |
| 12:43 | Research | Castle Age |
| 13:03 | Build | Farm |
| 13:05 | Build | Farm |
| 13:42 | Build | Farm |
| 14:03 | Build | Farm |
| 14:04 | Build | Farm |
| 14:09 | Research | Horse Collar |
| 15:23 | Age | Castle Age |
| 15:26 | Build | Siege Workshop |
| 15:32 | Queue | Villager (Male) |
| 15:50 | Queue | Mangonel |
| 15:52 | Queue | Mangonel |
| 16:37 | Queue | Mangonel |
| 16:56 | Queue | Villager (Male) |
| 17:29 | Queue | Villager (Male) |
| 17:36 | Build | House |
| 17:37 | Build | House |
| 17:45 | Build | Monastery |
| 18:04 | Queue | Villager (Male) |
| 18:23 | Queue | Villager (Male) |
| 18:36 | Build | Farm |
| 18:45 | Queue | Missionary |
| 19:05 | Build | Farm |
| 19:06 | Build | Farm |
| 19:25 | Build | Farm |
| 19:25 | Queue | Villager (Male) |
| 19:46 | Queue | Villager (Male) |
| 19:55 | Queue | Villager (Male) |
| 20:04 | Queue | Missionary |
| 20:40 | Queue | Missionary |
| 20:53 | Queue | Villager (Male) |
| 20:54 | Queue | Mangonel |
| 21:49 | Queue | Villager (Male) |
| 21:52 | Queue | Villager (Male) |
| 22:04 | Queue | Missionary |
| 22:05 | Queue | Villager (Male) |
| 22:09 | Build | Farm |
| 22:23 | Queue | Villager (Male) |
| 22:32 | Build | Town Center |
| 22:42 | Queue | Villager (Male) |
| 22:57 | Queue | Villager (Male) |
| 23:04 | Queue | Villager (Male) |
| 23:07 | Research | Double-Bit Axe |
| 23:11 | Build | House |
| 23:13 | Build | House |
| 23:14 | Build | House |
| 23:15 | Build | House |
| 23:34 | Build | Farm |
| 23:36 | Build | Farm |
| 23:39 | Queue | Villager (Male) |
| 23:55 | Build | Farm |
| 23:57 | Queue | Villager (Male) |
| 24:05 | Build | Lumber Camp |
| 24:11 | Build | House |
| 24:12 | Build | House |
| 24:18 | Queue | Villager (Male) |
| 24:19 | Queue | Villager (Male) |
| 24:26 | Build | Mining Camp |
| 24:38 | Queue | Villager (Male) |
| 24:40 | Build | Farm |
| 25:01 | Queue | Villager (Male) |
| 25:28 | Queue | Villager (Male) |
| 26:00 | Queue | Villager (Male) |
| 26:01 | Queue | Villager (Male) |
| 26:10 | Build | Town Center |
| 26:18 | Queue | Villager (Male) |
| 26:33 | Research | Town Watch |
| 26:34 | Research | Wheelbarrow |
| 26:42 | Queue | Villager (Male) |
| 26:44 | Build | Lumber Camp |
| 26:48 | Build | Farm |
| 26:48 | Build | Farm |
| 26:49 | Build | Farm |
| 26:49 | Build | Farm |
| 27:18 | Queue | Villager (Male) |
| 27:47 | Queue | Villager (Male) |
| 27:52 | Build | Farm |
| 27:55 | Build | Farm |
| 27:55 | Build | Farm |
| 27:55 | Build | Farm |
| 27:57 | Build | Farm |
| 27:59 | Queue | Villager (Male) |
| 28:01 | Queue | Villager (Male) |
| 28:15 | Build | Castle |
| 28:22 | Queue | Villager (Male) |
| 28:28 | Queue | Villager (Male) |
| 28:47 | Build | House |
| 28:49 | Build | House |
| 28:51 | Build | House |
| 29:08 | Queue | Conquistador |
| 29:16 | Build | Mining Camp |
| 29:18 | Queue | Conquistador |
| 29:19 | Queue | Villager (Male) |
| 29:23 | Queue | Villager (Male) |
| 29:33 | Queue | Conquistador |
| 29:36 | Queue | Villager (Male) |
| 29:41 | Build | Mill |
| 29:42 | Build | Farm |
| 29:42 | Build | Farm |
| 29:42 | Build | Farm |
| 29:42 | Build | Farm |
| 29:43 | Build | Farm |
| 29:43 | Build | Farm |
| 29:43 | Build | Farm |
Build order — Quando
First 150 of 795 actions detected
| 0:00 | Queue | Villager (Male) |
| 0:00 | Queue | Villager (Male) |
| 0:01 | Queue | Villager (Male) |
| 0:03 | Build | House |
| 0:04 | Build | House |
| 1:10 | Queue | Villager (Male) |
| 1:30 | Queue | Villager (Male) |
| 2:01 | Build | Lumber Camp |
| 2:01 | Queue | Villager (Male) |
| 2:21 | Queue | Villager (Male) |
| 2:50 | Queue | Villager (Male) |
| 3:10 | Build | House |
| 3:16 | Queue | Villager (Male) |
| 3:42 | Queue | Villager (Male) |
| 3:42 | Queue | Villager (Male) |
| 4:09 | Queue | Villager (Male) |
| 4:23 | Queue | Villager (Male) |
| 4:39 | Build | Mill |
| 4:48 | Queue | Villager (Male) |
| 5:04 | Queue | Villager (Male) |
| 5:20 | Queue | Villager (Male) |
| 5:49 | Build | Mining Camp |
| 6:07 | Queue | Villager (Male) |
| 6:41 | Research | Loom |
| 7:08 | Research | Feudal Age |
| 7:48 | Build | House |
| 8:04 | Queue | Villager (Male) |
| 8:44 | Queue | Villager (Male) |
| 9:18 | Age | Feudal Age |
| 9:24 | Build | Watch Tower |
| 9:26 | Research | Double-Bit Axe |
| 9:31 | Build | Blacksmith |
| 9:33 | Queue | Villager (Male) |
| 10:01 | Build | House |
| 10:19 | Research | Fletching |
| 10:22 | Queue | Villager (Male) |
| 10:39 | Queue | Villager (Male) |
| 10:48 | Queue | Villager (Male) |
| 10:59 | Build | Watch Tower |
| 11:05 | Queue | Villager (Male) |
| 11:27 | Queue | Villager (Male) |
| 11:29 | Build | Farm |
| 11:51 | Build | Watch Tower |
| 11:59 | Queue | Villager (Male) |
| 12:15 | Queue | Villager (Male) |
| 12:20 | Build | Farm |
| 12:42 | Queue | Villager (Male) |
| 12:46 | Queue | Villager (Male) |
| 12:52 | Build | Outpost |
| 12:56 | Build | Farm |
| 12:58 | Build | House |
| 13:13 | Queue | Villager (Male) |
| 13:20 | Build | Mining Camp |
| 13:27 | Build | Outpost |
| 13:33 | Build | Watch Tower |
| 13:35 | Queue | Villager (Male) |
| 13:43 | Build | Farm |
| 14:07 | Queue | Villager (Male) |
| 14:09 | Build | Farm |
| 14:19 | Build | House |
| 14:30 | Queue | Villager (Male) |
| 14:32 | Build | Farm |
| 14:48 | Queue | Villager (Male) |
| 14:50 | Build | Farm |
| 14:52 | Build | Farm |
| 15:37 | Build | Farm |
| 15:43 | Build | Watch Tower |
| 15:50 | Queue | Villager (Male) |
| 15:54 | Build | Farm |
| 16:08 | Queue | Villager (Male) |
| 16:24 | Queue | Villager (Male) |
| 16:27 | Build | Farm |
| 16:29 | Build | Farm |
| 16:32 | Build | Farm |
| 16:34 | Research | Horse Collar |
| 16:52 | Build | House |
| 17:26 | Queue | Villager (Male) |
| 17:41 | Build | Watch Tower |
| 17:56 | Queue | Villager (Male) |
| 17:58 | Build | Market |
| 18:21 | Queue | Villager (Male) |
| 18:44 | Research | Castle Age |
| 18:44 | Research | Castle Age |
| 19:18 | Build | House |
| 19:19 | Build | House |
| 20:34 | Build | Lumber Camp |
| 20:39 | Build | Barracks |
| 20:43 | Build | Watch Tower |
| 20:48 | Queue | Villager (Male) |
| 20:54 | Research | Gold Mining |
| 20:57 | Build | Farm |
| 21:24 | Age | Castle Age |
| 21:28 | Queue | Villager (Male) |
| 21:33 | Build | University |
| 21:48 | Build | Town Center |
| 21:51 | Build | Town Center |
| 21:52 | Queue | Villager (Male) |
| 21:55 | Research | Bow Saw |
| 22:06 | Build | Barracks |
| 22:23 | Queue | Villager (Male) |
| 22:27 | Research | Scale Mail Armor |
| 22:39 | Research | Wheelbarrow |
| 22:46 | Research | Heavy Plow |
| 22:55 | Build | House |
| 22:57 | Build | Stone Wall |
| 22:57 | Build | Stone Wall |
| 22:58 | Build | Stone Wall |
| 23:04 | Research | Town Watch |
| 23:19 | Research | Pikeman (upgrade) |
| 23:27 | Queue | Villager (Male) |
| 23:37 | Build | Monastery |
| 23:39 | Queue | Villager (Male) |
| 23:45 | Queue | Spearman |
| 23:45 | Queue | Spearman |
| 23:53 | Build | Farm |
| 23:55 | Build | Farm |
| 24:00 | Build | Farm |
| 24:04 | Build | Farm |
| 24:05 | Queue | Villager (Male) |
| 24:05 | Queue | Villager (Male) |
| 24:12 | Build | Outpost |
| 24:14 | Queue | Spearman |
| 24:20 | Queue | Villager (Male) |
| 24:20 | Queue | Villager (Male) |
| 24:22 | Queue | Monk |
| 24:29 | Build | Stone Wall |
| 24:29 | Build | Stone Wall |
| 24:30 | Build | Stone Wall |
| 24:34 | Queue | Villager (Male) |
| 24:36 | Build | Farm |
| 24:37 | Build | Farm |
| 24:39 | Build | Farm |
| 24:40 | Queue | Spearman |
| 24:48 | Queue | Villager (Male) |
| 24:50 | Queue | Spearman |
| 24:54 | Queue | Villager (Male) |
| 24:56 | Build | Stable |
| 25:11 | Queue | Villager (Male) |
| 25:18 | Build | Barracks |
| 25:22 | Queue | Villager (Male) |
| 25:23 | Queue | Villager (Male) |
| 25:37 | Queue | Spearman |
| 25:41 | Queue | Villager (Male) |
| 25:44 | Build | Stable |
| 25:58 | Queue | Villager (Male) |
| 25:58 | Queue | Villager (Male) |
| 26:14 | Queue | Spearman |
| 26:15 | Queue | Villager (Male) |
| 26:15 | Queue | Villager (Male) |
| 26:18 | Research | Squires |
Build order — Fr4ggi
First 150 of 385 actions detected
| 0:01 | Queue | Villager (Male) |
| 0:03 | Build | House |
| 0:05 | Build | House |
| 0:06 | Queue | Villager (Male) |
| 0:06 | Queue | Villager (Male) |
| 0:16 | Queue | Villager (Male) |
| 0:17 | Queue | Villager (Male) |
| 1:32 | Queue | Villager (Male) |
| 1:54 | Build | Lumber Camp |
| 2:32 | Queue | Villager (Male) |
| 2:37 | Queue | Villager (Male) |
| 3:15 | Queue | Villager (Male) |
| 3:24 | Queue | Villager (Male) |
| 4:10 | Queue | Villager (Male) |
| 4:13 | Build | Mill |
| 4:15 | Queue | Villager (Male) |
| 4:19 | Build | House |
| 4:51 | Queue | Villager (Male) |
| 5:04 | Queue | Villager (Male) |
| 5:07 | Queue | Villager (Male) |
| 5:14 | Build | House |
| 5:18 | Queue | Villager (Male) |
| 6:00 | Queue | Villager (Male) |
| 6:31 | Build | Farm |
| 6:32 | Queue | Villager (Male) |
| 6:35 | Build | Farm |
| 7:10 | Queue | Villager (Male) |
| 7:28 | Build | Farm |
| 7:31 | Queue | Villager (Male) |
| 7:57 | Queue | Villager (Male) |
| 8:28 | Queue | Villager (Male) |
| 8:31 | Build | Mining Camp |
| 8:36 | Research | Feudal Age |
| 9:01 | Build | Barracks |
| 9:02 | Build | House |
| 9:08 | Queue | Villager (Male) |
| 10:42 | Build | Mill |
| 10:43 | Age | Feudal Age |
| 10:52 | Build | Stable |
| 11:05 | Queue | Villager (Male) |
| 11:12 | Queue | Villager (Male) |
| 11:28 | Build | House |
| 11:32 | Queue | Villager (Male) |
| 11:57 | Queue | Villager (Male) |
| 12:03 | Build | Farm |
| 12:22 | Build | Blacksmith |
| 12:49 | Build | Lumber Camp |
| 12:51 | Queue | Villager (Male) |
| 12:53 | Queue | Villager (Male) |
| 13:28 | Build | Farm |
| 13:36 | Research | Castle Age |
| 13:40 | Build | Farm |
| 13:53 | Build | House |
| 14:16 | Build | Farm |
| 14:18 | Queue | Villager (Male) |
| 14:22 | Build | Farm |
| 14:28 | Research | Bloodlines |
| 14:42 | Research | Double-Bit Axe |
| 14:58 | Build | Farm |
| 14:59 | Build | Farm |
| 15:09 | Research | Horse Collar |
| 15:34 | Queue | Villager (Male) |
| 16:02 | Age | Castle Age |
| 16:40 | Queue | Knight |
| 16:40 | Queue | Knight |
| 16:43 | Build | Farm |
| 16:46 | Queue | Villager (Male) |
| 16:49 | Build | Farm |
| 16:54 | Research | Forging |
| 16:56 | Queue | Villager (Male) |
| 17:19 | Build | Town Center |
| 17:21 | Queue | Villager (Male) |
| 17:24 | Build | Farm |
| 17:29 | Queue | Knight |
| 17:40 | Build | Mining Camp |
| 17:51 | Queue | Villager (Male) |
| 17:58 | Build | Farm |
| 18:01 | Build | Farm |
| 18:02 | Queue | Villager (Male) |
| 18:37 | Build | Farm |
| 18:50 | Research | Husbandry |
| 18:55 | Queue | Villager (Male) |
| 18:56 | Queue | Villager (Male) |
| 18:57 | Research | Wheelbarrow |
| 19:00 | Queue | Villager (Male) |
| 19:16 | Build | Farm |
| 19:18 | Queue | Villager (Male) |
| 19:28 | Build | House |
| 19:34 | Build | House |
| 19:35 | Build | House |
| 19:47 | Queue | Scout Cavalry |
| 19:52 | Queue | Knight |
| 20:40 | Build | Farm |
| 20:41 | Build | Farm |
| 21:53 | Queue | Villager (Male) |
| 21:54 | Queue | Villager (Male) |
| 21:54 | Queue | Villager (Male) |
| 21:57 | Research | Hand Cart |
| 21:57 | Queue | Villager (Male) |
| 21:57 | Queue | Villager (Male) |
| 22:10 | Build | Stable |
| 22:15 | Build | House |
| 22:33 | Research | Bow Saw |
| 22:35 | Research | Heavy Plow |
| 22:43 | Queue | Knight |
| 22:43 | Queue | Knight |
| 22:51 | Queue | Camel Scout |
| 22:57 | Research | Scale Barding Armor |
| 23:03 | Queue | Villager (Male) |
| 23:09 | Build | Farm |
| 23:11 | Build | Farm |
| 23:13 | Build | Farm |
| 23:20 | Queue | Villager (Male) |
| 23:21 | Queue | Villager (Male) |
| 23:23 | Build | Farm |
| 23:25 | Queue | Villager (Male) |
| 23:33 | Queue | Camel Scout |
| 23:33 | Queue | Camel Scout |
| 23:39 | Build | Farm |
| 23:47 | Research | Chain Barding Armor |
| 24:02 | Build | Farm |
| 24:03 | Queue | Villager (Male) |
| 24:08 | Queue | Camel Scout |
| 24:23 | Queue | Villager (Male) |
| 24:29 | Queue | Camel Scout |
| 24:39 | Build | Farm |
| 24:46 | Queue | Villager (Male) |
| 24:47 | Queue | Villager (Male) |
| 24:50 | Queue | Villager (Male) |
| 24:51 | Queue | Villager (Male) |
| 24:59 | Queue | Camel Scout |
| 24:59 | Queue | Camel Scout |
| 25:12 | Build | House |
| 25:14 | Build | House |
| 25:19 | Queue | Scout Cavalry |
| 25:43 | Queue | Knight |
| 25:59 | Queue | Villager (Male) |
| 25:59 | Queue | Villager (Male) |
| 26:06 | Build | House |
| 26:08 | Build | House |
| 26:09 | Build | House |
| 26:12 | Queue | Camel Scout |
| 26:13 | Queue | Knight |
| 26:17 | Research | Iron Casting |
| 26:20 | Queue | Villager (Male) |
| 26:20 | Queue | Villager (Male) |
| 26:20 | Queue | Villager (Male) |
| 27:36 | Queue | Knight |
| 27:37 | Queue | Knight |
| 27:46 | Build | Monastery |
Build order — Mr_Yo Yi
First 150 of 1124 actions detected
| 0:01 | Queue | Villager (Male) |
| 0:01 | Queue | Villager (Male) |
| 0:01 | Queue | Villager (Male) |
| 0:01 | Queue | Villager (Male) |
| 0:01 | Queue | Villager (Male) |
| 0:03 | Build | House |
| 0:06 | Build | House |
| 1:32 | Queue | Villager (Male) |
| 1:33 | Queue | Villager (Male) |
| 1:47 | Queue | Villager (Male) |
| 1:48 | Queue | Villager (Male) |
| 2:26 | Queue | Villager (Male) |
| 2:27 | Queue | Villager (Male) |
| 2:27 | Queue | Villager (Male) |
| 2:41 | Build | Lumber Camp |
| 2:46 | Queue | Villager (Male) |
| 2:55 | Queue | Villager (Male) |
| 2:55 | Queue | Villager (Male) |
| 3:14 | Queue | Villager (Male) |
| 3:27 | Queue | Villager (Male) |
| 3:27 | Queue | Villager (Male) |
| 3:51 | Build | House |
| 4:08 | Queue | Villager (Male) |
| 4:08 | Queue | Villager (Male) |
| 4:52 | Queue | Villager (Male) |
| 4:53 | Queue | Villager (Male) |
| 4:53 | Queue | Villager (Male) |
| 5:25 | Build | Mill |
| 6:13 | Queue | Villager (Male) |
| 6:37 | Research | Feudal Age |
| 7:28 | Queue | Villager (Male) |
| 7:39 | Build | House |
| 8:51 | Age | Feudal Age |
| 8:55 | Build | Town Center |
| 9:11 | Research | Horse Collar |
| 9:12 | Queue | Villager (Male) |
| 9:18 | Queue | Villager (Male) |
| 9:18 | Queue | Villager (Male) |
| 9:27 | Build | Farm |
| 9:31 | Build | Farm |
| 9:35 | Build | Farm |
| 10:06 | Build | Town Center |
| 10:13 | Queue | Villager (Male) |
| 10:35 | Build | House |
| 10:42 | Queue | Villager (Male) |
| 11:02 | Research | Wheelbarrow |
| 11:20 | Build | House |
| 11:25 | Build | House |
| 11:37 | Queue | Villager (Male) |
| 11:38 | Queue | Villager (Male) |
| 11:42 | Build | Farm |
| 11:43 | Build | Farm |
| 11:49 | Queue | Villager (Male) |
| 11:49 | Queue | Villager (Male) |
| 11:59 | Build | House |
| 12:08 | Build | Farm |
| 12:10 | Queue | Villager (Male) |
| 12:10 | Queue | Villager (Male) |
| 12:39 | Build | House |
| 12:52 | Queue | Villager (Male) |
| 12:55 | Build | Farm |
| 12:57 | Build | Farm |
| 13:09 | Build | Farm |
| 13:11 | Build | Farm |
| 13:11 | Build | Farm |
| 13:11 | Build | Farm |
| 13:11 | Build | Farm |
| 13:12 | Build | Farm |
| 13:17 | Build | House |
| 13:17 | Queue | Villager (Male) |
| 13:25 | Queue | Villager (Male) |
| 13:40 | Build | Mining Camp |
| 13:48 | Queue | Villager (Male) |
| 13:52 | Build | House |
| 13:54 | Queue | Villager (Male) |
| 14:03 | Build | Farm |
| 14:10 | Build | Farm |
| 14:12 | Queue | Villager (Male) |
| 14:18 | Build | Farm |
| 14:21 | Queue | Villager (Male) |
| 14:31 | Queue | Villager (Male) |
| 14:42 | Queue | Villager (Male) |
| 14:45 | Build | Farm |
| 14:50 | Build | Farm |
| 14:53 | Build | Farm |
| 15:04 | Queue | Villager (Male) |
| 15:07 | Build | Farm |
| 15:11 | Queue | Villager (Male) |
| 15:26 | Build | Market |
| 15:27 | Queue | Villager (Male) |
| 15:38 | Queue | Villager (Male) |
| 15:45 | Build | Farm |
| 15:52 | Queue | Villager (Male) |
| 16:04 | Queue | Villager (Male) |
| 16:14 | Build | Blacksmith |
| 16:18 | Queue | Villager (Male) |
| 16:20 | Build | Farm |
| 16:29 | Queue | Villager (Male) |
| 16:36 | Build | Farm |
| 16:44 | Build | House |
| 16:51 | Research | Loom |
| 16:57 | Research | Castle Age |
| 17:04 | Build | Barracks |
| 17:07 | Build | Barracks |
| 17:09 | Queue | Villager (Male) |
| 17:14 | Build | Farm |
| 17:14 | Build | Farm |
| 17:15 | Build | Farm |
| 17:15 | Build | Farm |
| 17:15 | Build | Farm |
| 17:20 | Queue | Villager (Male) |
| 17:45 | Research | Gold Mining |
| 17:59 | Queue | Villager (Male) |
| 18:02 | Build | Stable |
| 18:06 | Build | Stable |
| 18:11 | Build | Stable |
| 18:13 | Queue | Villager (Male) |
| 18:14 | Research | Scale Barding Armor |
| 18:33 | Queue | Villager (Male) |
| 18:46 | Build | Farm |
| 18:46 | Build | Farm |
| 18:46 | Build | Farm |
| 18:46 | Build | Farm |
| 18:48 | Build | Farm |
| 19:14 | Build | Mill |
| 19:15 | Build | Farm |
| 19:15 | Build | Farm |
| 19:16 | Queue | Villager (Male) |
| 19:16 | Queue | Villager (Male) |
| 19:21 | Build | Mining Camp |
| 19:37 | Age | Castle Age |
| 19:41 | Research | Bloodlines |
| 19:41 | Queue | Camel Scout |
| 19:41 | Queue | Camel Scout |
| 19:42 | Queue | Camel Scout |
| 19:44 | Queue | Villager (Male) |
| 20:03 | Queue | Villager (Male) |
| 20:05 | Queue | Camel Scout |
| 20:05 | Queue | Camel Scout |
| 20:15 | Research | Double-Bit Axe |
| 20:17 | Queue | Camel Scout |
| 20:18 | Queue | Camel Scout |
| 20:18 | Queue | Camel Scout |
| 20:24 | Queue | Villager (Male) |
| 20:47 | Queue | Villager (Male) |
| 20:49 | Research | Bow Saw |
| 20:52 | Queue | Camel Scout |
| 20:52 | Queue | Camel Scout |
| 20:52 | Queue | Villager (Male) |
| 20:57 | Build | House |
Match timeline
| 8:51 | Mr_Yo Yi · age_up feudal |
| 8:53 | #El Nufy (GG) · first_building Barracks |
| 9:01 | Fr4ggi · first_building Barracks |
| 9:18 | Quando · age_up feudal |
| 9:46 | Chauchh · age_up feudal |
| 9:52 | #El Nufy (GG) · age_up feudal |
| 9:58 | #El Nufy (GG) · first_building Archery Range |
| 10:04 | Chauchh · wall_segment Stone Wall x1 |
| 10:43 | Chauchh · wall_segment Stone Wall x1 |
| 10:43 | Fr4ggi · age_up feudal |
| 10:52 | Fr4ggi · first_building Stable |
| 12:34 | Chauchh · first_market_sell 100 stone |
| 12:42 | Chauchh · first_market_buy 100 food |
| 12:43 | PJtheDcoy · age_up feudal |
| 14:24 | PJtheDcoy · first_building Barracks |
| 14:59 | PJtheDcoy · first_building Archery Range |
| 15:23 | Chauchh · age_up castle |
| 15:26 | Chauchh · first_building Siege Workshop |
| 16:02 | Fr4ggi · age_up castle |
| 16:40 | PJtheDcoy · age_up castle |
| 17:04 | Mr_Yo Yi · first_building Barracks |
| 17:45 | Chauchh · first_building Monastery |
| 18:02 | Mr_Yo Yi · first_building Stable |
| 18:32 | PJtheDcoy · first_building Castle |
| 19:37 | Mr_Yo Yi · age_up castle |
| 20:22 | PJtheDcoy · wall_segment Palisade Wall x9 |
| 20:39 | Quando · first_building Barracks |
| 21:24 | Quando · age_up castle |
| 21:43 | #El Nufy (GG) · age_up castle |
| 22:57 | Quando · wall_segment Stone Wall x1 |
| 22:57 | Quando · wall_segment Stone Wall x1 |
| 22:58 | Quando · wall_segment Stone Wall x1 |
| 23:37 | Quando · first_building Monastery |
| 23:48 | #El Nufy (GG) · first_building Siege Workshop |
| 24:19 | Quando · first_market_buy 100 food |
| 24:29 | Quando · wall_segment Stone Wall x1 |
| 24:29 | Quando · wall_segment Stone Wall x1 |
| 24:30 | Quando · wall_segment Stone Wall x1 |
| 24:48 | Mr_Yo Yi · first_market_sell 100 wood |
| 24:56 | Quando · first_building Stable |
| 24:56 | Mr_Yo Yi · first_market_buy 100 stone |
| 25:43 | PJtheDcoy · wall_segment Stone Wall x2 |
| 26:39 | Quando · first_market_sell 100 wood |
| 26:54 | PJtheDcoy · wall_segment Stone Wall x1 |
| 26:59 | PJtheDcoy · wall_segment Stone Wall x1 |
| 27:18 | Mr_Yo Yi · first_building Monastery |
| 27:46 | Fr4ggi · first_building Monastery |
| 28:15 | Chauchh · first_building Castle |
| 28:54 | Quando · first_building Siege Workshop |
| 29:01 | PJtheDcoy · wall_segment Stone Wall x2 |
| 29:02 | PJtheDcoy · wall_segment Stone Wall x1 |
| 29:36 | Quando · first_building Castle |
| 29:45 | Quando · wall_segment Stone Wall x8 |
| 29:48 | #El Nufy (GG) · first_building Castle |
| 30:54 | #El Nufy (GG) · first_building Monastery |
| 31:29 | Mr_Yo Yi · first_building Castle |
| 31:54 | Mr_Yo Yi · age_up imperial |
| 31:57 | Mr_Yo Yi · first_building Siege Workshop |
| 32:38 | Fr4ggi · first_building Siege Workshop |
| 33:38 | Quando · wall_segment Stone Wall x8 |
| 34:45 | Chauchh · first_building Barracks |
| 34:47 | Quando · wall_segment Stone Wall x6 |
| 34:53 | Quando · wall_segment Stone Wall x1 |
| 35:18 | Quando · wall_segment Stone Wall x5 |
| 35:20 | Quando · wall_segment Stone Wall x7 |
| 35:35 | Quando · wall_segment Stone Wall x1 |
| 35:36 | Quando · wall_segment Stone Wall x1 |
| 35:56 | #El Nufy (GG) · age_up imperial |
| 36:29 | Fr4ggi · age_up imperial |
| 36:35 | Quando · age_up imperial |
| 37:09 | Chauchh · first_building Stable |
| 37:33 | #El Nufy (GG) · wall_segment Palisade Wall x1 |
| 38:05 | Quando · wall_segment Stone Wall x5 |
| 39:03 | PJtheDcoy · age_up imperial |
| 39:51 | Mr_Yo Yi · tribute_sent a jugador 1 |
| 39:51 | Mr_Yo Yi · tribute_sent a jugador 2 |
| 39:51 | Mr_Yo Yi · tribute_sent a jugador 3 |
| 39:51 | Mr_Yo Yi · tribute_sent a jugador 4 |
| 39:51 | Mr_Yo Yi · tribute_sent a jugador 5 |
| 40:17 | Chauchh · age_up imperial |
| 41:54 | Fr4ggi · first_market_sell 500 wood |
| 42:25 | Mr_Yo Yi · wall_segment Palisade Wall x1 |
| 42:27 | Mr_Yo Yi · wall_segment Palisade Wall x1 |
| 43:44 | #El Nufy (GG) · wall_segment Stone Wall x35 |
| 45:58 | Quando · first_building Archery Range |
| 47:00 | Fr4ggi · tribute_sent a jugador 1 |
| 47:00 | Fr4ggi · tribute_sent a jugador 2 |
| 47:00 | Fr4ggi · tribute_sent a jugador 3 |
| 47:00 | Fr4ggi · tribute_sent a jugador 4 |
| 47:00 | Fr4ggi · tribute_sent a jugador 6 |
| 47:06 | #El Nufy (GG) · wall_segment Stone Wall x6 |
| 47:31 | Quando · wall_segment Stone Wall x5 |
| 48:19 | #El Nufy (GG) · wall_segment Stone Wall x3 |
| 48:24 | #El Nufy (GG) · wall_segment Stone Wall x23 |
| 48:29 | #El Nufy (GG) · wall_segment Stone Wall x13 |
| 48:30 | Chauchh · first_building Archery Range |
| 48:42 | Fr4ggi · first_building Castle |
| 49:56 | Quando · wall_segment Stone Wall x4 |
| 50:13 | #El Nufy (GG) · tribute_sent a jugador 1 |
| 50:13 | #El Nufy (GG) · tribute_sent a jugador 2 |
| 50:13 | #El Nufy (GG) · tribute_sent a jugador 3 |
| 50:13 | #El Nufy (GG) · tribute_sent a jugador 5 |
| 50:13 | #El Nufy (GG) · tribute_sent a jugador 6 |
| 51:55 | Quando · wall_segment Stone Wall x11 |
| 52:34 | Quando · wall_segment Stone Wall x12 |
| 56:01 | Mr_Yo Yi · tribute_sent a jugador 1 |
| 56:01 | Mr_Yo Yi · tribute_sent a jugador 2 |
| 56:01 | Mr_Yo Yi · tribute_sent a jugador 3 |
| 56:01 | Mr_Yo Yi · tribute_sent a jugador 4 |
| 56:01 | Mr_Yo Yi · tribute_sent a jugador 5 |
| 56:31 | PJtheDcoy · wall_segment Stone Wall x3 |
| 56:49 | PJtheDcoy · wall_segment Stone Wall x11 |
| 57:01 | Chauchh · wall_segment Stone Wall x1 |
| 57:32 | Quando · wall_segment Stone Wall x1 |
| 57:41 | Quando · wall_segment Palisade Wall x1 |
| 58:45 | #El Nufy (GG) · first_market_buy 100 stone |
| 60:52 | Mr_Yo Yi · tribute_sent a jugador 1 |
| 60:52 | Mr_Yo Yi · tribute_sent a jugador 2 |
| 60:52 | Mr_Yo Yi · tribute_sent a jugador 3 |
| 60:52 | Mr_Yo Yi · tribute_sent a jugador 4 |
| 60:52 | Mr_Yo Yi · tribute_sent a jugador 5 |
| 61:26 | Chauchh · wall_segment Stone Wall x1 |
| 61:28 | Chauchh · wall_segment Stone Wall x1 |
| 61:33 | Chauchh · wall_segment Stone Wall x4 |
| 62:12 | Quando · wall_segment Stone Wall x1 |
| 62:13 | Quando · wall_segment Stone Wall x1 |
| 62:13 | Quando · wall_segment Stone Wall x1 |
| 63:23 | Quando · wall_segment Stone Wall x1 |
| 64:56 | Quando · wall_segment Stone Wall x1 |
| 66:12 | Quando · wall_segment Stone Wall x1 |
| 66:12 | Quando · wall_segment Stone Wall x1 |
| 70:49 | Quando · resign |
[ AI ANALYSIS · 1 CREDIT ]
What really happened in this match?
Wolo.gg analyzes every decision: build order, eco, micro, common mistakes by bracket. Personalized analysis on WhatsApp or Discord in 30 seconds.
Civ guide
Vikings
Perfil
Jugador #1845618